 Dungeon Sprint DCSS version 0.29-a0-757-g358383bc75 (webtiles) character file.

Game seed: 10295241360645403699

2916 Hipnos the Severer (level 9, -1/100 HPs)
             Began as a Hill Orc Cinder Acolyte on June 30, 2022.
             Was an Elder of Ignis.
             Slain by an elephant (2 damage)
             ... in the Dungeon (Sprint II: "The Violet Keep of Menkaure").
             The game lasted 00:06:44 (1206 turns).

Hipnos the Severer (Hill Orc Cinder Acolyte)        Turns: 1206, Time: 00:06:45

Health: -1/100     AC: 20    Str: 17    XL:     9   Next: 78%
Magic:  11/11      EV: 10    Int: 21    God:    Ignis [****..]
Gold:   118        SH:  0    Dex:  6    Spells: 11/11 levels left

rFire   + . .      SeeInvis .   a - -1 hand axe (flame)
rCold   . . .      Faith    .   (no shield)
rNeg    . . .      Spirit   .   d - +5 scale mail {rPois}
rPois   +          Reflect  .   (no helmet)
rElec   .          Harm     .   (no cloak)
rCorr   .          Rampage  .   (no gloves)
Will    .....      NoTele   +   c - +0 pair of boots of Atzuw {Int+3}
Stlth   ..........              (no amulet)
HPRegen 0.26/turn               (no ring)
MPRegen 0.12/turn               (no ring)

@: on berserk cooldown, fiery-armoured, hasted and slowed
A: no striking features
a: Renounce Religion, Fiery Armour, Foxfire Swarm, Rising Flame


You were in the Dungeon.
You worshipped Ignis.
Ignis was greatly pleased with you.
You visited 1 branch You collected 744 gold pieces.
You spent 626 gold pieces at shops.

Inventory:

Hand Weapons
 a - a -1 hand axe of flaming (weapon)
Armour
 b - a +0 robe
 c - the +0 pair of boots of Atzuw (worn) {Int+3}
   (You bought it in a shop in the Dungeon)

   Int:       It affects your intelligence (+3).
 d - a +5 scale mail of poison resistance (worn)
Scrolls
 h - a scroll of blinking
Potions
 f - 2 potions of magic


   Skills:
 + Level 16.1 Fighting
 + Level 16.7 Axes
 + Level 4.2 Armour
 + Level 4.4 Dodging
 + Level 1.9 Spellcasting
 + Level 11.3 Fire Magic


You had 11 spell levels left.
You didn't know any spells.
Your spell library contained the following spells:

 Spells                   Type           Power      Damage    Failure   Level
 Scorch                   Fire           98%        2d10      1%          2


Dungeon Overview and Level Annotations

Branches:
Dungeon (1/1)

Altars:
Beogh

Shops:
D =(:=?[(!!*:=[*(

Annotations:
D exclusions: oklob plant and orange crystal statue


Message History

Your Fighting skill gained 2 levels and is now at level 16!
Your Axes skill increases to level 16!
Your Armour skill increases to level 4!
Your Dodging skill increases to level 4!
Unknown command.
Okay, then.
The orange crystal statue is engulfed in mutagenic fog.
You hit the spectral ball python. You burn the spectral ball python.
You destroy the spectral ball python!
You slash the elephant! You burn the elephant.
The elephant is moderately wounded.
You slash the elephant! You burn the elephant.
The elephant is heavily wounded.
You hit the elephant. You burn the elephant.
The elephant is severely wounded.
The elephant tramples you but does no damage.
The elephant completely misses you.
You slash the elephant! You burn the elephant.
The elephant is severely wounded.
You are no longer berserk.
You are exhausted.
You feel yourself slow down.
You feel yourself speed up.
The elephant tramples you but does no damage.
The elephant closely misses you.
The elephant tramples you but does no damage.
The elephant barely misses you.
You hit the elephant but do no damage.
The elephant is severely wounded.
You barely miss the elephant.
The elephant is severely wounded.
The elephant tramples you!
* * * LOW HITPOINT WARNING * * *
You stumble backwards!
Unknown command.
Activating: Foxfire Swarm
Press: ? - help, Dir - look around, f - activate Flames leap up around you!
The foxfire hits the centaur warrior.
The centaur warrior is lightly wounded.
The elephant tramples you.
You die...

##§§§§§≈≈≈≈## +≈§≈§≈8≈≈≈≈≈# c
#≈≈≈≈§§≈≈≈ zc.≈##§≈≈§§§
############≈≈#'§§#+++##
###########≈≈≈.c.§.....#
##........#≈≈≈≈.##)##..#
##....⌠...#≈≈≈≈##Yc.##.####
##...∩.∩..#≈≈≈≈#@v#..#....#
##..∩.∩.∩.#≈≈####v#.####..##
##...∩.∩.∩#≈##.###v## .##..#
##∩.∩...∩.#≈#.#.##.##B..#..#
##.∩.....∩†≈'###'.<.+# +..###
##∩.......#≈#.#.##.##B..#§§..###.
#▓▓▓▓▓▓▓###≈##.###'## .##..§...≈≈
##[hG######≈≈####...####§≈..§..≈#
#:.h#HH ##≈≈≈#.)#..#≈≈§≈≈≈≈..≈#


You could see an elephant (ally target) and a centaur warrior.

Vanquished Creatures
  Kirke (D)
  A yaktaur captain (D)
  A merfolk siren (D)
  A kobold demonologist (D)
  2 wyverns (D)
  A vampire mosquito (D)
  A water moccasin (D)
  4 necrophages (D)
  A spectral ball python (D)
13 creatures vanquished.

Notes
Turn   | Place    | Note
-------+----------+-------------------------------------------
     0 | D        | Hipnos the Hill Orc Cinder Acolyte began the quest for the
                  | Orb.
     0 | D        | Reached XP level 1. HP: 19/19 MP: 2/2
     3 | D        | Noticed a wyvern
     3 | D        | Noticed a wyvern
     9 | D        | Killed a wyvern
    10 | D        | Reached XP level 2. HP: 29/35 MP: 4/4
    10 | D        | Reached XP level 3. HP: 33/40 MP: 5/5
    10 | D        | Reached XP level 4. HP: 40/48 MP: 6/6
    10 | D        | Reached XP level 5. HP: 44/53 MP: 7/7
    13 | D        | Killed a wyvern
    14 | D        | Reached skill level 10 in Axes
    14 | D        | Reached XP level 6. HP: 44/66 MP: 8/8
   177 | D        | Noticed a boulder beetle
   177 | D        | Noticed a boulder beetle
   180 | D        | Noticed a merfolk siren
   207 | D        | Killed a merfolk siren
   208 | D        | Reached skill level 1 in Dodging
   208 | D        | Reached XP level 7. HP: 27/75 MP: 9/9
   451 | D        | Reached skill level 10 in Fire Magic
   488 | D        | Reached XP level 8. HP: 8/85 MP: 10/10
   940 | D        | Found Soiw's Antique Armour Shoppe.
   940 | D        | Found Guadic's General Store.
   940 | D        | Found Muuzomm's Book Emporium.
   940 | D        | Found Neumaff's Jewellery Emporium.
   940 | D        | Found Jeegucw's Distillery.
   940 | D        | Found Geuxked's General Store.
   941 | D        | Found Ciusunuel's Distillery.
   941 | D        | Found Iroleyky's Antique Weapon Emporium.
   942 | D        | Found Kuikhysk's Antique Armour Shoppe.
   942 | D        | Found Xulem's Magic Scroll Emporium.
   943 | D        | Found Jefyzenu's Antique Weapon Emporium.
   944 | D        | Found Unyceulo's Jewellery Shoppe.
   944 | D        | Noticed an oklob plant
   945 | D        | Noticed a great orb of eyes
   945 | D        | Found Peru's Antique Weapon Shoppe.
   945 | D        | Found Husixof's Jewellery Emporium.
   945 | D        | Found Pyblonk's Book Shoppe.
   956 | D        | Noticed a manticore
   958 | D        | Bought a pair of faintly glowing boots for 228 gold pieces
   958 | D        | Identified the +0 pair of boots of Atzuw {Int+3} (You
                  | bought it in a shop in the Dungeon)
   958 | D        | Noticed a manticore
   960 | D        | Noticed a manticore
   971 | D        | Bought a shiny scale mail for 168 gold pieces
   983 | D        | Bought a scroll of enchant armour for 90 gold pieces
   986 | D        | Bought a potion of berserk rage for 70 gold pieces
   986 | D        | Bought a potion of heal wounds for 70 gold pieces
  1127 | D        | Noticed a flying skull
  1127 | D        | Noticed a flying skull
  1128 | D        | Noticed a flying skull
  1128 | D        | Noticed a flying skull
  1128 | D        | Noticed a flying skull
  1130 | D        | Noticed a flying skull
  1131 | D        | Noticed a flying skull
  1132 | D        | Noticed a flying skull
  1132 | D        | Noticed a flying skull
  1132 | D        | Noticed a flying skull
  1132 | D        | Noticed a flying skull
  1132 | D        | Noticed a flying skull
  1140 | D        | Found a roughly hewn altar of Beogh.
  1151 | D        | Noticed an orange crystal statue
  1154 | D        | Noticed Kirke
  1154 | D        | Noticed a yaktaur captain
  1154 | D        | Noticed a kobold demonologist
  1154 | D        | Noticed a skeletal warrior
  1154 | D        | Noticed a centaur warrior
  1168 | D        | Noticed an ice devil
  1173 | D        | Noticed a sixfirhy
  1175 | D        | Noticed a hellwing
  1179 | D        | Killed a kobold demonologist
  1180 | D        | Reached skill level 1 in Armour
  1180 | D        | Noticed an elephant
  1186 | D        | Killed a yaktaur captain
  1187 | D        | Reached skill level 15 in Axes
  1187 | D        | Reached XP level 9. HP: 17/96 MP: 11/11
  1195 | D        | Killed Kirke
  1205 | D        | HP: 1/100 [elephant (13)]
  1206 | D        | Slain by an elephant

Illustrated notes

Levels and vault maps discovered:
D:        the_violet_keep_of_menkaure [sprint2_stairs_cluster_1,
          sprint2_shoproom, sprint2_temple, sprint2_basic_supplies,
          sprint2_obstacle_1, sprint2_obstacle_5, sprint2_obstacle_4,
          sprint2_obstacle_6, sprint2_obstacle_7, sprint2_timed_cluster_1,
          sprint2_smallroom_cluster_1, sprint2_smallroom_final_cluster_1,
          sprint2_transparent_cluster_1, sprint2_second_timed_cluster_1,
          sprint2_sniper_area_1, sprint2_heavy_combat_area_1,
          sprint2_mutation_trap_area_1, sprint2_forest_area_1,
          sprint2_light_combat_area_1, sprint2_behind_water_1,
          sprint2_near_end_vault_1]

Skill      XL: |  1  2  3  4  5  6  7  8  9 |
---------------+----------------------------+-----
Fighting       | 8 9 11 12 14 16 | 16.1
Axes           | 8 10 12 13 15 16 | 16.7
Fire Magic     | 7 8 9 10 11 | 11.3
Dodging        | 1 3 4 |  4.4
Armour         | 3 4 |  4.2
Spellcasting   | |  1.9

Action                   |  1- 3 |  4- 6 |  7- 9 || total
-------------------------+-------+-------+-------++-------
Melee: Hand axe          |     3 |    28 |   115 ||   146
       Punch             |       |     1 |       ||     1
Invok: Fiery Armour      |     1 |     1 |     1 ||     3
       Foxfire Swarm     |       |       |     1 ||     1
  Use: Potion            |     2 |       |     4 ||     6
       Scroll            |       |       |     1 ||     1
Armor: Robe              |       |     1 |     5 ||     6
       Scale mail        |       |       |    23 ||    23
Dodge: Dodged            |     2 |     1 |    27 ||    30

Table legend: (Time is in decaauts)
 A = Elapsed time spent in this place.
 B = Non-inter-level travel time spent in this place.
 C = Inter-level travel time spent in this place.
 D = Time resting spent in this place.
 E = Time spent auto-exploring this place.
 F = Levels seen in this place.
 G = Mean time per level.
                   A        B        C        D        E       F      G
               +--------+--------+--------+--------+--------+-----+--------+
         Total |   1177 |   1177 |      0 |    901 |      0 |   1 | 1177.0 |
       Dungeon |   1177 |   1177 |      0 |    901 |      0 |   1 | 1177.0 |
               +--------+--------+--------+--------+--------+-----+--------+

Top non-repeatable levels by time:
       D: 1177 daAuts
